 Dungeon Crawl Stone Soup version 0.28.0-43-g3370ac3207 (webtiles) character file.

Game seed: 11190310349323066914

144 Hrothgar the Ruffian (level 5, 0/52 HPs)
             Began as a Troll Monk on Mar 16, 2022.
             Slain by an orc
             ... wielding a +2 short sword of speed
              (6 damage)
             ... on level 3 of the Dungeon.
             The game lasted 00:08:20 (1375 turns).

Hrothgar the Ruffian (Troll Monk)                   Turns: 1375, Time: 00:08:20

Health: 0/52       AC:  4    Str: 18 (19) XL:     5   Next: 5%
Magic:  0/5        EV: 10    Int:  8      God:
Gold:   143        SH:  0    Dex: 12      Spells: 5/5 levels left

rFire   . . .      SeeInvis .   b - +0 long sword "Wiwotov" {holy, rN+++}
rCold   . . .      Faith    .   (no shield)
rNeg    + + +      Spirit   +   a - +0 robe
rPois   .          Reflect  .   (helmet restricted)
rElec   .          Harm     .   (no cloak)
rCorr   .          Rampage  .   (gloves unavailable)
Will    +....                   (boots unavailable)
Stlth   ++........              c - amulet of guardian spirit
HPRegen 0.97/turn               (no ring)
MPRegen 0.09/turn               (no ring)

@: attractive
A: large, unfitting armour, claws 3, regeneration 1, shaggy fur 1, tough skin 1,
deterioration 1, strong-willed 1, subdued magic 1
a: no special abilities


You were on level 3 of the Dungeon.
You visited 1 branch of the dungeon, and saw 3 of its levels.

You collected 143 gold pieces.

Inventory:

Hand Weapons
 b - the +0 long sword "Wiwotov" (weapon) {holy, rN+++}
   (You found it on level 2 of the Dungeon)

   It has been blessed by the Shining One to cause great damage to the undead
   and demons.
   rN:        It renders you almost immune to negative energy.
Missiles
 d - a throwing net (quivered)
 g - 17 sling bullets
Armour
 a - a +0 robe (worn)
Jewellery
 c - an amulet of guardian spirit (around neck)
Potions
 f - a potion of haste {unknown}


   Skills:
 * Level 2.9 Fighting
 * Level 0.6 Long Blades
 * Level 1.4 Armour
 * Level 2.8 Dodging
 * Level 1.2 Stealth
 * Level 3.8 Unarmed Combat
 * Level 0.8 Spellcasting


You had 5 spell levels left.
You didn't know any spells.
Your spell library was empty.

Dungeon Overview and Level Annotations

Branches:
Dungeon (3/15)

Altars:
Xom


Innate Abilities, Weirdness & Mutations

You are too large for most types of armour.
You have claws for hands.
Your natural rate of healing is unusually fast.
You are covered in fur. (AC +1)
You have tough skin. (AC +1)
Your body sometimes deteriorates upon taking damage.
You are strong-willed. (Will+)
Your spells are a little easier to cast, but a little less powerful.


Message History

You closely miss the orc.
The orc hits you with a +2 short sword of speed.
The orc hits you but does no damage. The orc barely misses you.
You closely miss the orc.
The orc hits you with a +2 short sword of speed.
The orc hits you with a +0 war axe.
The orc hits you with a +2 short sword of speed.
The orc hits you with a +0 war axe.
You barely miss the orc.
The orc hits you with a +2 short sword of speed.
The orc misses you. The orc barely misses you.
You slash the orc!
You kill the orc!
The orc hits you but does no damage.
The orc hits you with a +2 short sword of speed.
* * * LOW HITPOINT WARNING * * *
Your body deteriorates!
You feel weakened. The orc barely misses you.
It was a potion of attraction.
You feel attractive to monsters. The orc barely misses you.
You hit the orc.
The orc is moderately wounded.
The orc hits you with a +2 short sword of speed.
* * * LOW HITPOINT WARNING * * *
The orc closely misses you.
You barely miss the orc. Your claw misses the orc.
The orc is moderately wounded.
The orc hits you with a +2 short sword of speed.
* * * LOW HITPOINT WARNING * * *
The orc hits you with a +2 short sword of speed.
You closely miss the orc.
The orc is moderately wounded.
The orc barely misses you.
The orc hits you with a +2 short sword of speed.
* * * LOW HITPOINT WARNING * * *
You hit the orc.
The orc is almost dead.
The orc hits you with a +2 short sword of speed.
You die...

#...........##.........
#.....#########.#######
#.....# #.# # ###.###
#.# # #.# ##+## #
#.#### ##...## # #....#
##.....## #
####.)#####.......## #
#....@)..#.o...†...###
#.....o..'........<+..
#.#...##.#.........###
#.#..## .##.......## #
#.## ###.....## ..
##...### ##. ##....# #.
###..#.# ### #......#


You could see an orc.

Vanquished Creatures
  A water moccasin skeleton (D:3)
  An orc priest (D:3)
  An orc wizard (D:3)
  An adder (D:2)
  An orc (D:3)
  5 ball pythons
  3 bats
  6 endoplasms
  A giant cockroach (D:1)
  A goblin (D:1)
  A hobgoblin (D:1)
  A frilled lizard (D:2)
  5 kobolds
  4 rats
32 creatures vanquished.

Vanquished Creatures (collateral kills)
  An endoplasm (D:1)
1 creature vanquished.

Grand Total: 33 creatures vanquished

Notes
Turn   | Place    | Note
-------+----------+-------------------------------------------
     0 | D:1      | Hrothgar the Troll Monk began the quest for the Orb.
     0 | D:1      | Reached XP level 1. HP: 22/22 MP: 0/0
   393 | D:1      | Reached XP level 2. HP: 29/29 MP: 1/1
   789 | D:2      | Found a shimmering altar of Xom.
   863 | D:2      | Gained mutation: You are robust. (+10% HP) [potion of
                  | mutation]
   863 | D:2      | Gained mutation: Your spells are a little easier to cast,
                  | but a little less powerful. [potion of mutation]
   863 | D:2      | Gained mutation: You are partially covered in iridescent
                  | scales. (AC +2) [potion of mutation]
   863 | D:2      | Gained mutation: Your mind is acute. (Int +2) [potion of
                  | mutation]
   864 | D:2      | Lost mutation: Your mind is acute. (Int +2) [potion of
                  | mutation]
   864 | D:2      | Lost mutation: You are partially covered in iridescent
                  | scales. (AC +2) [potion of mutation]
   864 | D:2      | Lost mutation: You are robust. (+10% HP) [potion of
                  | mutation]
   864 | D:2      | Gained mutation: Your body sometimes deteriorates upon
                  | taking damage. [potion of mutation]
   864 | D:2      | Gained mutation: You are strong-willed. (Will+) [potion of
                  | mutation]
   879 | D:2      | Reached XP level 3. HP: 36/36 MP: 2/2
   884 | D:2      | Identified the +0 long sword "Wiwotov" {holy, rN+++}
  1290 | D:3      | Reached XP level 4. HP: 33/44 MP: 3/3
  1364 | D:3      | Reached skill level 1 in Armour
  1367 | D:3      | Reached XP level 5. HP: 37/52 MP: 1/5
  1375 | D:3      | Slain by an orc

Illustrated notes

Levels and vault maps discovered:
D:1:      dpeg_arrival_concentric_ovals, layout_basic
D:2:      layout_basic, basic_altar
D:3:      layout_loops_corners, grunt_temple_overflow_open,
          basic_ecumenical_altar, feat_on_display, uniq_ijyb

Skill      XL: |  1  2  3  4 |
---------------+-------------+-----
Armour         | 1 |  1.4
Fighting       | |  2.9
Long Blades    | |  0.6
Dodging        | |  2.8
Stealth        | |  1.2
Unarmed Combat | |  3.8
Spellcasting   | |  0.8

Action                   |  1- 3 |  4- 6 || total
-------------------------+-------+-------++-------
Melee: Unarmed           |    49 |       ||    49
       Punch             |     1 |       ||     1
       Long sword        |    20 |    13 ||    33
Throw: Throwing net      |     1 |       ||     1
  Use: Potion            |     2 |     1 ||     3
       Scroll            |     2 |       ||     2
 Stab: Sleeping          |     3 |       ||     3
Armor: Robe              |    30 |     4 ||    34
Dodge: Dodged            |    44 |    11 ||    55
